 Dungeon Crawl Stone Soup version 0.13.1-27-ga479965 (webtiles) character file.

129 Vikmgn the Ruinous (level 3, 0/19 HPs)
             Began as a Gargoyle Conjurer on Feb 14, 2014.
             Slain by an orc priest
             ... wielding a +0,+0 orcish morningstar
              (3 damage)
             ... on Level 3 of the Dungeon.
             The game lasted 00:05:57 (2409 turns).

Vikmgn the Ruinous (Gargoyle Conjurer)              Turns: 2409, Time: 00:05:57

HP   0/19        AC  6     Str 11      XL: 3   Next: 72%
MP   0/6         EV 12     Int 16      God:
Gold 81          SH  0     Dex 10      Spells:  2 memorised,  1 level left

Res.Fire  : . . .   See Invis. : .   h - +0 club
Res.Cold  : . . .   Warding    : .   a - +0 robe
Life Prot.: + . .   Conserve   : .   (no shield)
Res.Poison: +       Res.Corr.  : .   (no helmet)
Res.Elec. : +       Clarity    : .   (no cloak)
Sust.Abil.: . .     Spirit.Shd : .   (no gloves)
Res.Mut.  : .       Stasis     : .   r - +0 pair of boots
Res.Rott. : +       Flight     : .   (no amulet)
Saprovore : . . .                    (no ring)
                                     (no ring)

@: not resistant to hostile enchantments, fairly stealthy
A: fangs 1, talons 2, life protection 1, electricity resistance, slow metabolism
1, unbreathing, petrification resistance, AC +3
a: no special abilities


You were on level 3 of the Dungeon.
You were not hungry.

You visited 1 branch of the dungeon, and saw 3 of its levels.

You collected 61 gold pieces.

Inventory:

Hand weapons
 h - a +0,+0 club (weapon)
Armour
 a - a +0 robe (worn)
 r - a +0 pair of boots (worn)
Comestibles
 b - 3 bread rations
 i - a meat ration
 l - a pear
 w - a chunk of quokka flesh
Scrolls
 d - a scroll of blinking {unknown}
 e - a scroll of amnesia {unknown}
 f - 2 scrolls of identify {unknown}
 m - 2 scrolls of random uselessness {unknown}
 o - a scroll of fog {unknown}
 q - 2 scrolls of magic mapping {unknown}
 s - 2 scrolls of teleportation {unknown}
 t - a scroll of curse jewellery {unknown}
 x - a scroll of noise {unknown}
 y - a scroll of enchant weapon I {unknown}
Potions
 g - a potion of curing {unknown}
 j - a potion of brilliance {unknown}
 k - 2 potions of invisibility {unknown}
 n - 2 potions of agility {unknown}
 p - 3 potions of paralysis {unknown}
 u - a potion of might {unknown}
 v - a potion of speed {unknown}
Books
 c - a book of Conjurations

   Spells                             Type                      Level
   *Magic Dart                        Conjuration                  1
   *Searing Ray                       Conjuration                  2
   Dazzling Spray                     Conjuration/Hexes            3
   Iskenderun's Mystic Blast          Conjuration                  4
   Iskenderun's Battlesphere          Conjuration/Charms           4
   Fulminant Prism                    Conjuration/Hexes            5


   Skills:
 * Level 1.4 Fighting
 * Level 1.0 Armour
 * Level 1.5 Dodging
 - Level 2.1 Stealth
 * Level 1.4 Spellcasting
 * Level 5.1 Conjurations


You had one spell level left.
You knew the following spells:

 Your Spells              Type           Power        Failure   Level  Hunger
a - Magic Dart            Conj           ###.         3%          1    ##.....
b - Searing Ray           Conj           ###...       6%          2    ###....


Dungeon Overview and Level Annotations

Branches:
Dungeon (3/27)

Altars:
the Shining One


Innate Abilities, Weirdness & Mutations

You are resistant to torment.
You are immune to poison.
Your stone body is very resilient (AC +3).
You have very sharp teeth.
You have razor-sharp toenails.
You resist negative energy.
You are resistant to electric shocks.
You have a slow metabolism.
You can survive without breathing.
You are immune to petrification.


Message History

The orc priest is moderately wounded.
The orc priest hits you with an orcish morningstar.
The searing ray hits the orc priest.
The orc priest is severely wounded.
The orc priest hits you with an orcish morningstar!
Ouch! That really hurt!
* * * LOW HITPOINT WARNING * * *
The searing ray hits the orc priest.
The orc priest is severely wounded.
The orc priest closely misses you.
The searing ray misses the orc priest.
Casting: Searing Ray
Confirm with . or Enter, or press ? or * to list all spells.
Aiming: Magic Dart
Press: ? - help, Shift-Dir - straight line, f/p - orc priest
Aim: an orc priest, wielding an orcish morningstar and wearing an orcish scale mail (severely wounded)
The magic dart hits the orc priest.
The orc priest is severely wounded.
The orc priest hits you with an orcish morningstar.
You die...

#############
#............
#.........#
####...<.....####
...(.....@.........
#########o######.
............<#
#####.....# #.....#
#.....# #.....#
#.....# ##.##o#


You could see an orc priest.

Vanquished Creatures
  A worm (D:2)
  4 giant geckos
  3 orcs
  4 bats
  6 goblins
  4 hobgoblins
  3 kobolds
  A quokka (D:2)
  7 rats (D:1)
33 creatures vanquished.

Notes
Turn   | Place    | Note
--------------------------------------------------------------
     0 | D:1      | Vikmgn, the Gargoyle Conjurer, began the quest for the Orb.
     0 | D:1      | Reached XP level 1. HP: 10/10 MP: 3/3
   275 | D:1      | Reached XP level 2. HP: 13/15 MP: 0/4
   436 | D:1      | Reached skill level 1 in Fighting
  1243 | D:2      | Reached XP level 3. HP: 19/19 MP: 4/6
  1279 | D:2      | Learned a level 2 spell: Searing Ray
  1373 | D:2      | Found a glowing golden altar of the Shining One.
  1520 | D:2      | Reached skill level 5 in Conjurations
  1925 | D:3      | Reached skill level 1 in Armour
  2409 | D:3      | Slain by an orc priest

Action                   || total
-------------------------++-------
Melee: Club              ||    13
 Cast: Magic Dart        ||    66
       Searing Ray       ||     4
